[Event "WYCC U14 Open 2019"]
[Site "Mumbai"]
[Date "2019.10.11"]
[Round "10.8"]
[White "Jain Kashish Manoj"]
[Black "Amanzhol, Sultan"]
[Result "0-1"]
[ECO "A08"]
[WhiteElo "1930"]
[BlackElo "2032"]
[Annotator "NA"]
[PlyCount "80"]
[EventDate "2019.10.02"]
[EventType "swiss"]
[EventCountry "IND"]
[SourceTitle "playchess.com"]
[Source "ChessBase"]
[SourceQuality "1"]
[TimeControl "40/5400+30:1800+30"]

1. Nf3 d5 2. g3 c5 3. Bg2 Nc6 4. O-O e5 5. d3 Be7 6. Nbd2 Bg4 7. e4 d4 8. h3 Be6 9. Nc4 f6 10. c3 Qd7 11. Kh2 g5 12. cxd4 cxd4 13. a3 h5 14. b4 h4 15. g4 Nh6 16. Ne1 O-O 17. Nf3 Nf7 18. Rb1 Rfc8 19. Re1 b5 20. Ncd2 a5 21. bxa5 Rxa5 22. Bf1 Ncd8 23. Nb3 Ra7 24. Ra1 Rca8 25. Nfd2 Bxa3 26. Bxa3 Rxa3 27. Rxa3 Rxa3 28. Nc5 Qd6 29. Nxe6 Nxe6 30. Qb1 Qc5 31. Re2 Nf4 32. Nb3 Qc3 33. Rb2 Nd6 34. Kg1 Kg7 35. Nc1 Qe1 36. Nb3 Nxh3+ 37. Kg2 Nf4+ 38. Kf3 Qxb1 39. Rxb1 Kf7 40. Be2 Ke7 0-1

[Event "WYCC U14 Open 2019"]
[Site "Mumbai"]
[Date "2019.10.11"]
[Round "10.9"]
[White "Laux, Dominik"]
[Black "Shah Jeet"]
[Result "0-1"]
[ECO "A45"]
[WhiteElo "2015"]
[BlackElo "1844"]
[Annotator "NA"]
[PlyCount "60"]
[EventDate "2019.10.02"]
[EventType "swiss"]
[EventCountry "IND"]
[SourceTitle "playchess.com"]
[Source "ChessBase"]
[SourceQuality "1"]
[TimeControl "40/5400+30:1800+30"]

1. d4 Nf6 2. Bg5 d5 3. e3 e6 4. Nd2 Be7 5. Bd3 Nbd7 6. f4 b6 7. Ngf3 Bb7 8. Ne5 O-O 9. O-O c5 10. c3 Ne4 11. Bxe7 Qxe7 12. Bxe4 dxe4 13. Qa4 Nf6 14. Rfe1 Rfd8 15. Rac1 a6 16. b4 b5 17. Qa5 c4 18. a4 Ne8 19. Ra1 f6 20. Ng4 Bc6 21. Qb6 Qd7 22. axb5 axb5 23. Qc5 Bd5 24. Ra5 Nd6 25. Qb6 Rdb8 26. Rxa8 Rxa8 27. Nf2 Nc8 28. Qc5 f5 29. g4 Ra7 30. gxf5 exf5 0-1

[Event "WYCC U14 Open 2019"]
[Site "Mumbai"]
[Date "2019.10.11"]
[Round "10.10"]
[White "Pranav Anand"]
[Black "Manish, Kumar"]
[Result "0-1"]
[ECO "A58"]
[WhiteElo "2351"]
[BlackElo "2132"]
[Annotator "NA"]
[PlyCount "120"]
[EventDate "2019.10.02"]
[EventType "swiss"]
[EventCountry "IND"]
[SourceTitle "playchess.com"]
[Source "ChessBase"]
[SourceQuality "1"]
[TimeControl "40/5400+30:1800+30"]

1. d4 Nf6 2. c4 c5 3. d5 b5 4. cxb5 a6 5. bxa6 g6 6. Nc3 Bg7 7. Nf3 O-O 8. e4 Qa5 9. Bd2 Bxa6 10. Be2 d6 11. O-O Bxe2 12. Qxe2 Qa6 13. Qd1 Nbd7 14. Qc2 Rfb8 15. a4 Rb4 16. h3 Qc4 17. Ra3 Rab8 18. Rb1 Nxe4 19. Qxe4 Qxe4 20. Nxe4 Rxe4 21. a5 Nf6 22. a6 Nxd5 23. a7 Ra8 24. Ra5 f6 25. Rba1 Kf7 26. Rb5 Ke6 27. Rb8 Nc7 28. Rb7 Nd5 29. Ra6 h6 30. Rb8 Nc7 31. Ba5 Ra4 32. Bxc7 Rxa7 33. Rxa4 Rxa4 34. Rb7 f5 35. b3 Ra1+ 36. Kh2 Ra2 37. b4 cxb4 38. Bb6 Bc3 39. Be3 g5 40. Nd4+ Kf6 41. Nc6 f4 42. Ba7 e5 43. g4 Ke6 44. Rb5 Kd7 45. Na5 e4 46. Kg1 Ra1+ 47. Kh2 f3 48. Rb7+ Ke6 49. Nc6 Kd5 50. Ne7+ Kc4 51. Nc6 b3 52. Bd4 Bxd4 53. Nxd4 Kxd4 54. Rxb3 d5 55. h4 gxh4 56. g5 hxg5 57. Rb2 Ke5 58. Rc2 Rf1 59. Rd2 Kf4 60. Ra2 g4 0-1

[Event "WYCC U14 Open 2019"]
[Site "Mumbai"]
[Date "2019.10.11"]
[Round "10.11"]
[White "Madaminov, Mukhiddin"]
[Black "Petkov, Momchil"]
[Result "1/2-1/2"]
[ECO "A45"]
[WhiteElo "2045"]
[BlackElo "2333"]
[Annotator "NA"]
[PlyCount "113"]
[EventDate "2019.10.02"]
[EventType "swiss"]
[EventCountry "IND"]
[SourceTitle "playchess.com"]
[Source "ChessBase"]
[SourceQuality "1"]
[TimeControl "40/5400+30:1800+30"]

1. d4 Nf6 2. Nc3 d5 3. Bf4 a6 4. e3 e6 5. g4 Bb4 6. Bg2 c5 7. g5 cxd4 8. exd4 Ng8 9. Nf3 Nc6 10. O-O Nge7 11. Ne2 O-O 12. c3 Bd6 13. Qd2 Ng6 14. Bg3 Nce7 15. Rfe1 Nf5 16. Nc1 Be7 17. Nd3 Nd6 18. h4 Ne4 19. Qe3 Nxg3 20. fxg3 Bd6 21. Nfe5 Ne7 22. Rf1 Nf5 23. Qe1 f6 24. gxf6 gxf6 25. Rxf5 exf5 26. Bxd5+ Kg7 27. Nc4 Bc7 28. Bg2 f4 29. Nxf4 Bxf4 30. gxf4 Kh8 31. Qf2 Rg8 32. Kh2 Qc7 33. Ne3 Be6 34. d5 Bf7 35. Rd1 Rae8 36. d6 Qc5 37. Rd4 Rd8 38. Qd2 Qh5 39. f5 Bxa2 40. c4 Bb1 41. c5 Rg7 42. Qd1 Qh6 43. Qf3 Rdg8 44. Qf4 Qxf4+ 45. Rxf4 Re8 46. Rd4 Rxe3 47. d7 Rxd7 48. Rxd7 Re2 49. Kg3 Bxf5 50. Rd8+ Kg7 51. Bxb7 Rxb2 52. c6 Rc2 53. Kf4 Bh3 54. Ra8 Bg2 55. Rxa6 Rc4+ 56. Kg3 Bh1 57. Ra7 1/2-1/2

[Event "WYCC U14 Open 2019"]
[Site "Mumbai"]
[Date "2019.10.11"]
[Round "10.12"]
[White "Tadic, Stefan"]
[Black "Vignesh N R"]
[Result "1/2-1/2"]
[ECO "C85"]
[WhiteElo "2295"]
[BlackElo "2475"]
[Annotator "ChessBase"]
[PlyCount "126"]
[EventDate "2019.10.02"]
[EventType "swiss"]
[EventCountry "IND"]
[SourceTitle "playchess.com"]
[Source "ChessBase"]
[SourceQuality "1"]
[TimeControl "40/5400+30:1800+30"]

1. e4 e5 2. Nf3 Nc6 3. Bb5 a6 4. Ba4 Nf6 5. O-O Be7 6. Bxc6 dxc6 7. d3 Bg4 8. Nbd2 Bc5 9. Nc4 Nd7 10. h3 Bxf3 11. Qxf3 Qe7 12. c3 O-O-O 13. b4 Ba7 14. a4 Kb8 15. Be3 Bxe3 16. Qxe3 Nb6 17. Na5 f5 18. exf5 Nd5 19. Qf3 Nxc3 20. Nc4 Rhe8 21. Rfe1 e4 22. dxe4 Qxb4 23. Ra3 Nxe4 24. Rc1 Qc5 25. Raa1 Qd4 26. Rab1 Ka8 27. Rb3 Nd2 28. Nxd2 Qxd2 29. Rbb1 Qd5 30. Qf4 Qe5 31. Qb4 b6 32. Qc4 Ka7 33. Qxc6 Re7 34. Rd1 Rxd1+ 35. Rxd1 Qxf5 36. a5 Qb5 37. axb6+ Qxb6 38. Qc2 Re6 39. Rb1 Qc6 40. Qd2 Qe4 41. Rc1 Qe5 42. Qc2 Kb7 43. Qxh7 a5 44. Qd3 Rb6 45. Qc4 g6 46. g3 Qd6 47. Ra1 Rb4 48. Qc2 Qb6 49. Rd1 a4 50. Ra1 Qd4 51. Rc1 Qb6 52. Ra1 Qd4 53. Rc1 Qb6 54. Qd3 Ka7 55. h4 Rb3 56. Qc4 Rxg3+ 57. Kf1 Ra3 58. Qxc7+ Qxc7 59. Rxc7+ Kb6 60. Rg7 Rc3 61. Rxg6+ Kb5 62. Ke2 a3 63. Kd2 Rh3 1/2-1/2

[Event "WYCC U14 Open 2019"]
[Site "Mumbai"]
[Date "2019.10.11"]
[Round "10.13"]
[White "Dhrupad Kashyap"]
[Black "Colbow, Collin"]
[Result "1-0"]
[ECO "B51"]
[WhiteElo "2000"]
[BlackElo "2148"]
[Annotator "NA"]
[PlyCount "137"]
[EventDate "2019.10.02"]
[EventType "swiss"]
[EventCountry "IND"]
[SourceTitle "playchess.com"]
[Source "ChessBase"]
[SourceQuality "1"]
[TimeControl "40/5400+30:1800+30"]

1. e4 c5 2. Nf3 d6 3. Bb5+ Nd7 4. O-O a6 5. Bxd7+ Bxd7 6. d4 cxd4 7. Qxd4 e5 8. Qd3 h6 9. Nc3 Nf6 10. Nd2 Be7 11. Nc4 Be6 12. Be3 Bxc4 13. Qxc4 Rc8 14. Qb3 b5 15. Rfd1 O-O 16. f3 Qc7 17. Rac1 Qc4 18. Nd5 Nxd5 19. Rxd5 Rc6 20. Qxc4 bxc4 21. b4 cxb3 22. axb3 Rb8 23. Rd3 Bg5 24. Kf2 Kf8 25. Bxg5 hxg5 26. Ke2 Ke7 27. Kd2 Rbc8 28. c4 g6 29. h3 f5 30. Ra1 Rf8 31. Re3 Ke6 32. Kc3 Kd7 33. Ra5 Rfc8 34. Re2 Kc7 35. Kd3 Rb8 36. Ra3 Rcb6 37. Kc3 Rb4 38. Re3 R4b6 39. Kc2 Kc6 40. Ra5 Kb7 41. Rd5 Rc6 42. Kc3 Rbc8 43. Red3 Kc7 44. Kb4 Rb8+ 45. Ka4 Rc8 46. Rc3 Kd7 47. Kb4 Rb8+ 48. Ka5 Rbc8 49. Rcd3 Ke6 50. b4 Rb8 51. b5 axb5 52. cxb5 Ra8+ 53. Kb4 Rb6 54. Ra3 Rxa3 55. Kxa3 Kd7 56. Kb4 Rb8 57. Rd2 Rf8 58. Ka5 fxe4 59. fxe4 Rf4 60. Re2 Kc7 61. Ka6 Rf1 62. Rc2+ Kb8 63. b6 Re1 64. Rf2 Ra1+ 65. Kb5 Rc1 66. Rd2 Rb1+ 67. Kc6 Rc1+ 68. Kxd6 Kb7 69. Rb2 1-0

[Event "WYCC U14 Open 2019"]
[Site "Mumbai"]
[Date "2019.10.11"]
[Round "10.14"]
[White "Pranav Vijay"]
[Black "Vilcu, Matei-Stefan"]
[Result "1-0"]
[ECO "A45"]
[WhiteElo "2265"]
[BlackElo "1975"]
[Annotator "ChessBase"]
[PlyCount "53"]
[EventDate "2019.10.02"]
[EventType "swiss"]
[EventCountry "IND"]
[SourceTitle "playchess.com"]
[Source "ChessBase"]
[SourceQuality "1"]
[TimeControl "40/5400+30:1800+30"]

1. d4 Nf6 2. Bg5 Ne4 3. Bf4 c5 4. f3 Qa5+ 5. c3 Nf6 6. d5 e6 7. e4 exd5 8. exd5 d6 9. Na3 Be7 10. Nc4 Qd8 11. a4 Na6 12. g4 Nc7 13. Ne3 b6 14. Nh3 a6 15. Bg3 Bd7 16. Nf4 g5 17. Nh3 h5 18. Bg2 Qc8 19. O-O Rg8 20. Qd3 Rg6 21. Rae1 Kf8 22. f4 Nxg4 23. fxg5 Rg7 24. Nc4 Qb7 25. Nxd6 Bxd6 26. Bxd6+ Kg8 27. Re7 1-0

[Event "WYCC U14 Open 2019"]
[Site "Mumbai"]
[Date "2019.10.11"]
[Round "10.15"]
[White "Aaryan Varshney"]
[Black "Ayush Sharma"]
[Result "1-0"]
[ECO "D63"]
[WhiteElo "2239"]
[BlackElo "1939"]
[Annotator "NA"]
[PlyCount "149"]
[EventDate "2019.10.02"]
[EventType "swiss"]
[EventCountry "IND"]
[SourceTitle "playchess.com"]
[Source "ChessBase"]
[SourceQuality "1"]
[TimeControl "40/5400+30:1800+30"]

1. d4 Nf6 2. c4 e6 3. Nf3 d5 4. Nc3 Be7 5. Bg5 O-O 6. e3 Nbd7 7. Rc1 Re8 8. Bd3 c5 9. cxd5 exd5 10. dxc5 Nxc5 11. Bb5 Bd7 12. Bxd7 Qxd7 13. O-O Red8 14. Nd4 Nce4 15. Nxe4 dxe4 16. Qb3 Ng4 17. Bxe7 Qxe7 18. Nf5 Qe5 19. Ng3 b6 20. h3 Nf6 21. Rfd1 Rxd1+ 22. Rxd1 h5 23. Ne2 Rc8 24. Nc3 Qe7 25. Qa4 Rc5 26. Rd4 Re5 27. Qc6 Qe8 28. Qc7 Qe7 29. Rd8+ Kh7 30. Qb8 Kg6 31. Ne2 Rc5 32. b4 Rc7 33. Nf4+ Kg5 34. Nd5 Nxd5 35. Rxd5+ Kf6 36. g4 hxg4 37. hxg4 Ke6 38. Rd4 f5 39. Qg8+ Kf6 40. gxf5 Kxf5 41. Qh7+ g6 42. Qh3+ Kf6 43. Qg4 Kg7 44. Rxe4 Rc1+ 45. Kg2 Qb7 46. Qe6 Qf7 47. Qe5+ Qf6 48. Qe7+ Qf7 49. b5 Rc5 50. Qxf7+ Kxf7 51. a4 a6 52. bxa6 Ra5 53. Rb4 Rxa6 54. f4 Kf6 55. e4 Ke6 56. Kf3 Kd6 57. Kg4 Kc5 58. Rb5+ Kc6 59. Rg5 Rxa4 60. Rxg6+ Kc7 61. e5 b5 62. Rd6 Ra8 63. Rd1 b4 64. Rb1 Rb8 65. Rb3 Kc6 66. Kf5 Kd5 67. Rd3+ Kc4 68. Rd1 b3 69. e6 b2 70. e7 Kc3 71. Ke6 Ra8 72. Rb1 Kc2 73. Rxb2+ Kxb2 74. f5 Kc3 75. f6 1-0

[Event "WYCC U14 Open 2019"]
[Site "Mumbai"]
[Date "2019.10.11"]
[Round "10.16"]
[White "Flores Quillas, Diego Saul Rodri"]
[Black "Sun, Jiajun B"]
[Result "1-0"]
[ECO "B42"]
[WhiteElo "2164"]
[BlackElo "1977"]
[Annotator "NA"]
[PlyCount "69"]
[EventDate "2019.10.02"]
[EventType "swiss"]
[EventCountry "IND"]
[SourceTitle "playchess.com"]
[Source "ChessBase"]
[SourceQuality "1"]
[TimeControl "40/5400+30:1800+30"]

1. e4 c5 2. Nf3 e6 3. d4 cxd4 4. Nxd4 a6 5. Bd3 Qc7 6. Qe2 d6 7. O-O Nf6 8. f4 Nbd7 9. c4 Be7 10. Nc3 h5 11. Kh1 h4 12. Be3 b6 13. Rac1 Bb7 14. b4 Qc8 15. Kg1 Rb8 16. Bd2 Nh5 17. Nd5 Qd8 18. e5 Nf8 19. Nxe7 Qxe7 20. exd6 Qxd6 21. Nf5 Qc6 22. Be4 Qc7 23. Bxb7 Rxb7 24. c5 Rb8 25. Nd6+ Ke7 26. f5 bxc5 27. bxc5 f6 28. Rfe1 Rb2 29. Qc4 g6 30. Rxe6+ Nxe6 31. Qxe6+ Kf8 32. Qe8+ Kg7 33. Qxg6+ Kf8 34. Bh6+ Ke7 35. Qxh5 1-0

[Event "WYCC U14 Open 2019"]
[Site "Mumbai"]
[Date "2019.10.12"]
[Round "11.1"]
[White "Amanzhol, Sultan"]
[Black "Suleymanli, Aydin"]
[Result "0-1"]
[ECO "D31"]
[WhiteElo "2032"]
[BlackElo "2426"]
[Annotator "ChessBase"]
[PlyCount "112"]
[EventDate "2019.10.02"]
[EventType "swiss"]
[EventCountry "IND"]
[SourceTitle "playchess.com"]
[Source "ChessBase"]
[SourceQuality "1"]
[TimeControl "40/5400+30:1800+30"]

1. d4 e6 2. c4 d5 3. Nc3 Be7 4. Bf4 Nf6 5. e3 O-O 6. Nf3 c5 7. dxc5 Bxc5 8. cxd5 Nxd5 9. Nxd5 exd5 10. a3 Nc6 11. Be2 Be7 12. O-O Bf6 13. Qd2 Qb6 14. Rab1 Rd8 15. b4 Bf5 16. Rbc1 d4 17. exd4 Bxd4 18. Bc4 Bf6 19. Qa2 Bg6 20. Rfd1 Bh5 21. Be2 Rxd1+ 22. Rxd1 Rd8 23. Rd5 Bg4 24. Rb5 Rd1+ 25. Bxd1 Qxb5 26. Qe2 Qxe2 27. Bxe2 Bb2 28. b5 Bxf3 29. Bxf3 Nd4 30. Be3 Nxf3+ 31. gxf3 Bxa3 32. Bxa7 Kf8 33. Bd4 f6 34. Kg2 Ke7 35. Kg3 Bd6+ 36. f4 Ke6 37. Kf3 Kd5 38. Ba1 Kc4 39. b6 Bc5 40. Ke4 Bxb6 41. h4 h5 42. f3 Bf2 43. Kf5 Bd4 44. Bxd4 Kxd4 45. Kg6 b5 46. Kxh5 b4 47. Kg6 b3 48. h5 b2 49. Kxg7 b1=Q 50. h6 Qg1+ 51. Kf7 Qh2 52. Kg7 Qg3+ 53. Kf7 Qxf4 54. h7 Qh6 55. Kg8 Qg6+ 56. Kh8 Qf7 0-1

[Event "WYCC U14 Open 2019"]
[Site "Mumbai"]
[Date "2019.10.12"]
[Round "11.2"]
[White "Vo, Pham Thien Phuc"]
[Black "Srihari L R"]
[Result "1/2-1/2"]
[ECO "A80"]
[WhiteElo "1807"]
[BlackElo "2283"]
[Annotator "ChessBase"]
[PlyCount "103"]
[EventDate "2019.10.02"]
[EventType "swiss"]
[EventCountry "IND"]
[SourceTitle "playchess.com"]
[Source "ChessBase"]
[SourceQuality "1"]
[TimeControl "40/5400+30:1800+30"]

1. d4 f5 2. Nf3 Nf6 3. g3 g6 4. Bg2 Bg7 5. O-O O-O 6. b3 c5 7. c3 cxd4 8. cxd4 Nc6 9. Bb2 Ne4 10. Nbd2 d6 11. Rc1 Bd7 12. e3 Rc8 13. Qe2 a6 14. Nxe4 fxe4 15. Nd2 d5 16. Ba3 Na7 17. Rxc8 Nxc8 18. Rc1 Na7 19. Nb1 Nb5 20. Bb2 Nd6 21. Nc3 Bc6 22. Qd2 Nf7 23. Ne2 Ng5 24. Nf4 Qd7 25. Qd1 Nf3+ 26. Bxf3 exf3 27. a4 g5 28. Nd3 Qh3 29. Qf1 Qh5 30. h3 Bd7 31. Kh2 Be6 32. Ne5 Bxe5 33. dxe5 Rc8 34. Rxc8+ Bxc8 35. e4 Be6 36. exd5 Bxd5 37. g4 Qh4 38. Bd4 h5 39. Qd3 hxg4 40. Qg6+ Kf8 41. Qf5+ Bf7 42. Qxg4 Qxg4 43. hxg4 Bxb3 44. a5 Kf7 45. Be3 Kg6 46. Bc5 Kf7 47. Be3 Kg6 48. Bc5 e6 49. Bb6 Bd5 50. Kg3 Kf7 51. Kh3 Be4 52. Kg3 1/2-1/2

[Event "WYCC U14 Open 2019"]
[Site "Mumbai"]
[Date "2019.10.12"]
[Round "11.3"]
[White "Morgunov, Marc"]
[Black "Kolay, Alex"]
[Result "1/2-1/2"]
[ECO "C07"]
[WhiteElo "2280"]
[BlackElo "2164"]
[Annotator "ChessBase"]
[PlyCount "74"]
[EventDate "2019.10.02"]
[EventType "swiss"]
[EventCountry "IND"]
[SourceTitle "playchess.com"]
[Source "ChessBase"]
[SourceQuality "1"]
[TimeControl "40/5400+30:1800+30"]

1. e4 e6 2. d4 d5 3. Nd2 c5 4. Ngf3 cxd4 5. Nxd4 Nc6 6. Bb5 Bd7 7. Nxc6 bxc6 8. Bd3 Bd6 9. Qe2 Ne7 10. e5 Bc7 11. Nf3 Ng6 12. O-O f6 13. exf6 Qxf6 14. Bg5 Qf7 15. Bxg6 Qxg6 16. Bh4 O-O 17. Bg3 Bxg3 18. hxg3 Rab8 19. Ne5 Qe8 20. b3 Qe7 21. Rfe1 Be8 22. Qd2 Rf6 23. Re2 c5 24. c4 dxc4 25. Nxc4 Bb5 26. Re4 Bxc4 27. Rxc4 Rd8 28. Qe3 Rd5 29. Rac1 Qd6 30. f3 Rff5 31. Re4 Rd1+ 32. Rxd1 Qxd1+ 33. Kf2 Rd5 34. Qe1 Rd2+ 35. Re2 Rxe2+ 36. Qxe2 Qd4+ 37. Kf1 Kf7 1/2-1/2

[Event "WYCC U14 Open 2019"]
[Site "Mumbai"]
[Date "2019.10.12"]
[Round "11.4"]
[White "Abinandhan R"]
[Black "Sreeshwan Maralakshikari"]
[Result "0-1"]
[ECO "B12"]
[WhiteElo "1830"]
[BlackElo "2449"]
[Annotator "ChessBase"]
[PlyCount "102"]
[EventDate "2019.10.02"]
[EventType "swiss"]
[EventCountry "IND"]
[SourceTitle "playchess.com"]
[Source "ChessBase"]
[SourceQuality "1"]
[TimeControl "40/5400+30:1800+30"]

1. e4 c6 2. d4 d5 3. e5 Bf5 4. h4 h6 5. g4 Be4 6. f3 Bh7 7. e6 Qd6 8. exf7+ Kxf7 9. Bd3 e5 10. dxe5 Qxe5+ 11. Ne2 Bxd3 12. Qxd3 Nd7 13. f4 Qe6 14. f5 Qe5 15. Nbc3 Re8 16. Qf3 Bb4 17. Bd2 Bxc3 18. Bxc3 Qe4 19. Kf2 Ngf6 20. Qxe4 Rxe4 21. g5 Ng4+ 22. Kf3 Nde5+ 23. Bxe5 Nxe5+ 24. Kf2 Ng4+ 25. Kf3 hxg5 26. hxg5 Rh2 27. Rxh2 Nxh2+ 28. Kf2 Ng4+ 29. Kf3 Ne3 30. Ng3 Nxc2 31. g6+ Kf6 32. Rg1 Nd4+ 33. Kf2 Rh4 34. Kg2 Rg4 35. Kh3 Rg5 36. Re1 Nxf5 37. Nxf5 Rxf5 38. Re8 Kxg6 39. Ra8 a6 40. Rb8 Rf7 41. Kg4 Rd7 42. Kf4 d4 43. Re8 d3 44. Re1 d2 45. Rd1 Kf6 46. Ke3 g5 47. Rf1+ Kg6 48. Rd1 c5 49. b3 b5 50. Ke2 c4 51. bxc4 bxc4 0-1

[Event "WYCC U14 Open 2019"]
[Site "Mumbai"]
[Date "2019.10.12"]
[Round "11.5"]
[White "Shah Jeet"]
[Black "Tsvetkov, Andrey"]
[Result "0-1"]
[ECO "B87"]
[WhiteElo "1844"]
[BlackElo "2382"]
[Annotator "ChessBase"]
[PlyCount "98"]
[EventDate "2019.10.02"]
[EventType "swiss"]
[EventCountry "IND"]
[SourceTitle "playchess.com"]
[Source "ChessBase"]
[SourceQuality "1"]
[TimeControl "40/5400+30:1800+30"]

1. e4 c5 2. Nf3 d6 3. d4 cxd4 4. Nxd4 Nf6 5. Nc3 a6 6. Bc4 e6 7. Bb3 b5 8. Bg5 Be7 9. Qf3 Qc7 10. e5 Bb7 11. exd6 Bxd6 12. Qe3 Bc5 13. O-O-O Nc6 14. Qxe6+ fxe6 15. Nxe6 Qe7 16. Rhe1 Qxe6 17. Rxe6+ Ne7 18. Rde1 O-O-O 19. Bxf6 gxf6 20. Ne4 Bxe4 21. R1xe4 f5 22. R4e5 Bd6 23. Rxe7 Bxe5 24. Rxe5 Rhe8 25. Rxe8 Rxe8 26. Kd2 f4 27. c4 b4 28. g3 fxg3 29. hxg3 Kc7 30. g4 h6 31. Bc2 Kd6 32. f4 Kc5 33. f5 Kd4 34. Bd3 a5 35. b3 Rd8 36. Ke2 Ra8 37. Bb1 Ra7 38. Kf3 a4 39. Kf4 a3 40. f6 Kc3 41. Bf5 Kb2 42. Ke5 Kxa2 43. Kd6 Kb2 44. Bd7 Ra8 45. f7 Rh8 46. Ke7 a2 47. f8=Q Rxf8 48. Kxf8 a1=Q 49. c5 Kxb3 0-1

[Event "WYCC U14 Open 2019"]
[Site "Mumbai"]
[Date "2019.10.12"]
[Round "11.6"]
[White "Manish, Kumar"]
[Black "Murzin, Volodar"]
[Result "0-1"]
[ECO "A03"]
[WhiteElo "2132"]
[BlackElo "2433"]
[Annotator "RC"]
[PlyCount "120"]
[EventDate "2019.10.02"]
[EventType "swiss"]
[EventCountry "IND"]
[SourceTitle "playchess.com"]
[Source "ChessBase"]
[SourceQuality "1"]
[TimeControl "40/5400+30:1800+30"]

1. f4 d5 2. Nf3 c5 3. e3 Nc6 4. b3 Nf6 5. Bb2 e6 6. Bb5 Bd7 7. O-O Be7 8. Bxc6 Bxc6 9. Ne5 Rc8 10. d3 O-O 11. Nd2 Ne8 12. Qg4 Bd7 13. Rf3 f6 14. Nxd7 Qxd7 15. Rh3 Rf7 16. Qh4 g6 17. g4 d4 18. Qf2 e5 19. f5 gxf5 20. gxf5 dxe3 21. Rxe3 Nd6 22. Rf1 Kh8 23. Kh1 Rg8 24. Ne4 Rfg7 25. Ng3 Nf7 26. Ne4 Nd6 27. Ng3 Qc6+ 28. Qf3 Qxf3+ 29. Rexf3 Rg4 30. Re1 Rc8 31. Nf1 Kg8 32. Ne3 Rg5 33. Rg3 h6 34. Reg1 Kf7 35. h4 Rxg3 36. Rxg3 h5 37. c4 Bf8 38. Nd5 Nxf5 39. Rf3 Ke6 40. Bc3 Bd6 41. Be1 Rg8 42. Bf2 Rg6 43. a3 Nd4 44. Re3 Rg4 45. b4 b6 46. Kh2 Nf5 47. Re4 Ne7 48. bxc5 bxc5 49. Nc3 f5 50. Rxg4 hxg4 51. Kg2 Ng6 52. Nd5 Nf4+ 53. Nxf4+ exf4 54. d4 f3+ 55. Kf1 g3 56. dxc5 Be5 57. h5 gxf2 58. h6 Kd7 59. Kxf2 Kc6 60. Kxf3 Kxc5 0-1

[Event "WYCC U14 Open 2019"]
[Site "Mumbai"]
[Date "2019.10.12"]
[Round "11.7"]
[White "Wu, Logan"]
[Black "Samant Aditya S"]
[Result "1/2-1/2"]
[ECO "B60"]
[WhiteElo "1994"]
[BlackElo "2334"]
[Annotator "ChessBase"]
[PlyCount "145"]
[EventDate "2019.10.02"]
[EventType "swiss"]
[EventCountry "IND"]
[SourceTitle "playchess.com"]
[Source "ChessBase"]
[SourceQuality "1"]
[TimeControl "40/5400+30:1800+30"]

1. e4 c5 2. Nf3 d6 3. d4 cxd4 4. Nxd4 Nf6 5. Nc3 Nc6 6. Bg5 Qb6 7. Ndb5 a6 8. Bxf6 gxf6 9. Nd5 Qa5+ 10. Nbc3 f5 11. Bd3 Bg7 12. exf5 Bxc3+ 13. Nxc3 Bxf5 14. Bxf5 Qxf5 15. Qd2 Qe5+ 16. Qe2 Qxe2+ 17. Kxe2 O-O-O 18. Rad1 Rhg8 19. g3 e6 20. Kd2 d5 21. Kc1 d4 22. Ne2 e5 23. Rd2 Rd7 24. Rhd1 Rgd8 25. g4 Rg8 26. h3 h5 27. gxh5 Rh8 28. c3 Rxh5 29. cxd4 Rxh3 30. dxe5 Rxd2 31. Rxd2 Nxe5 32. Kc2 Rf3 33. Nd4 Rf4 34. Kc3 Ng4 35. f3 Ne5 36. Rf2 Kc7 37. b3 b5 38. a3 Kb6 39. b4 Nc4 40. a4 Ne5 41. axb5 axb5 42. Rf1 Nc6 43. Nxc6 Kxc6 44. Rf2 Rc4+ 45. Kb3 Kd5 46. Rd2+ Rd4 47. Rc2 Rd3+ 48. Kb2 Rxf3 49. Rc5+ Kd4 50. Rxb5 Kc4 51. Rb8 f5 52. Kc2 Rf2+ 53. Kd1 Kd3 54. Ke1 Rb2 55. Kf1 Ke3 56. Ra8 Rxb4 57. Ra3+ Ke4 58. Kf2 Rb2+ 59. Kf1 f4 60. Rc3 Kf5 61. Ra3 Kg4 62. Rc3 Ra2 63. Rb3 Ra1+ 64. Kf2 Rh1 65. Kg2 Rc1 66. Kf2 Rc2+ 67. Kf1 Rc4 68. Kf2 f3 69. Rb8 Rc2+ 70. Kf1 Kg3 71. Rg8+ Kf4 72. Rf8+ Ke3 73. Re8+ 1/2-1/2

[Event "WYCC U14 Open 2019"]
[Site "Mumbai"]
[Date "2019.10.12"]
[Round "11.8"]
[White "Petkov, Momchil"]
[Black "Dhrupad Kashyap"]
[Result "1-0"]
[ECO "B33"]
[WhiteElo "2333"]
[BlackElo "2000"]
[Annotator "ChessBase"]
[PlyCount "105"]
[EventDate "2019.10.02"]
[EventType "swiss"]
[EventCountry "IND"]
[SourceTitle "playchess.com"]
[Source "ChessBase"]
[SourceQuality "1"]
[TimeControl "40/5400+30:1800+30"]

1. e4 c5 2. Nf3 Nc6 3. d4 cxd4 4. Nxd4 Nf6 5. Nc3 g6 6. Nxc6 bxc6 7. e5 Nh5 8. Be2 Ng7 9. O-O Ne6 10. Be3 Bg7 11. f4 d5 12. Na4 d4 13. Bd2 c5 14. b3 Bd7 15. Bc4 Qc8 16. Nb2 Nd8 17. Nd3 O-O 18. Qf3 Bg4 19. Qd5 Be6 20. Qxc5 Qxc5 21. Nxc5 Bxc4 22. bxc4 Rc8 23. Bb4 Nc6 24. Ba3 Na5 25. Nb3 Nxc4 26. Bxe7 Rfe8 27. Bc5 Nd2 28. Rfc1 a5 29. Bxd4 Nc4 30. Nc5 f6 31. exf6 Bxf6 32. Bxf6 Rxc5 33. Re1 Nd6 34. c3 Rc4 35. Rxe8+ Nxe8 36. Be5 Kf7 37. Rb1 Ra4 38. Rb2 Ke6 39. g3 Ra3 40. Kf2 Kf5 41. Rb8 g5 42. Rxe8 Rxa2+ 43. Ke3 Rxh2 44. fxg5 Rh1 45. Kd4 Rd1+ 46. Kc4 Re1 47. Rf8+ Kxg5 48. Kd5 a4 49. Ra8 Kf5 50. Bd4 Ra1 51. c4 Ra3 52. c5 Rxg3 53. Rf8+ 1-0

[Event "WYCC U14 Open 2019"]
[Site "Mumbai"]
[Date "2019.10.12"]
[Round "11.9"]
[White "Chyzy, Jakub"]
[Black "Madaminov, Mukhiddin"]
[Result "1-0"]
[ECO "C11"]
[WhiteElo "2327"]
[BlackElo "2045"]
[Annotator "ChessBase"]
[PlyCount "155"]
[EventDate "2019.10.02"]
[EventType "swiss"]
[EventCountry "IND"]
[SourceTitle "playchess.com"]
[Source "ChessBase"]
[SourceQuality "1"]
[TimeControl "40/5400+30:1800+30"]

1. e4 e6 2. d4 d5 3. Nc3 Nf6 4. e5 Nfd7 5. Nf3 c5 6. dxc5 Nc6 7. Bf4 Nxc5 8. Bd3 Be7 9. O-O O-O 10. Re1 a6 11. a3 b5 12. Ne2 Bb7 13. Ned4 Nxd4 14. Nxd4 Qb6 15. Be3 Qc7 16. f4 g6 17. c3 Nxd3 18. Qxd3 Qc4 19. Qd2 Bc8 20. Nc2 d4 21. Nxd4 Bb7 22. Qe2 Rfd8 23. Rad1 Rac8 24. Bf2 Qxe2 25. Nxe2 Rxd1 26. Rxd1 Bd5 27. Bd4 a5 28. Kf2 b4 29. axb4 axb4 30. Ra1 Rb8 31. Rc1 bxc3 32. Rxc3 Bb4 33. Rc7 Ra8 34. Nc3 Bxc3 35. Bxc3 Ra1 36. Bb4 h6 37. Be7 Ra2 38. Ba3 Ra1 39. Be7 Ra2 40. Rc2 Ra4 41. g3 Kh7 42. Bf6 Rb4 43. h4 g5 44. h5 Rb8 45. fxg5 hxg5 46. Bxg5 Rb4 47. Bf4 Rb3 48. h6 Be4 49. Re2 Bd5 50. Ke1 Kg6 51. Rh2 Kh7 52. Kd1 Be4 53. Rd2 Bd5 54. Kc1 Rf3 55. b4 Rf1+ 56. Kb2 Rf3 57. Kc1 Rf1+ 58. Kc2 Be4+ 59. Kc3 Rf3+ 60. Kd4 Bd5 61. Rb2 Ra3 62. b5 Ra8 63. Kc5 Rc8+ 64. Kd6 Rb8 65. b6 Rb7 66. Be3 Kg6 67. Rc2 Rb8 68. Kc7 Rb7+ 69. Kc8 Re7 70. Kd8 Rb7 71. Rc8 Be4 72. Rc4 Bf3 73. Kc8 Re7 74. Rd4 Bc6 75. Rd6 Bb5 76. b7 Re8+ 77. Rd8 Re7 78. Rg8+ 1-0

[Event "WYCC U14 Open 2019"]
[Site "Mumbai"]
[Date "2019.10.12"]
[Round "11.10"]
[White "Laux, Dominik"]
[Black "Pranav Vijay"]
[Result "0-1"]
[ECO "A45"]
[WhiteElo "2015"]
[BlackElo "2265"]
[Annotator "NA"]
[PlyCount "48"]
[EventDate "2019.10.02"]
[EventType "swiss"]
[EventCountry "IND"]
[SourceTitle "playchess.com"]
[Source "ChessBase"]
[SourceQuality "1"]
[TimeControl "40/5400+30:1800+30"]

1. d4 Nf6 2. Bg5 Ne4 3. Bf4 c5 4. f3 Qa5+ 5. c3 Nf6 6. d5 Qb6 7. Bc1 c4 8. e4 e6 9. Bxc4 Bc5 10. Ne2 O-O 11. Nd2 Qc7 12. Bb3 b5 13. dxe6 dxe6 14. Nf1 Qb6 15. Nfg3 Rd8 16. Qc2 Nc6 17. Bf4 a5 18. e5 Nd7 19. Qe4 a4 20. Bc2 f5 21. Nxf5 exf5 22. Qxf5 Nf6 23. Qg5 Bf2+ 24. Kf1 h6 0-1